AoeStats
← Joaking

Fortress

507822806Analyzed
2v2 RM · 12d ago on Sep 19, 2026· 46m 57s· 4 players
Game mode
Random Map
Map size
Normal (6 player)
Population
200
Speed
Normal
Resources
Standard
Victory
Conquest
Starting age
Dark Age
Ending age
Imperial Age
RankedLock teamsTeams togetherTeam positionsShared explorationLock speedFull tech treeHidden civsTurbo modeCheats
Victory
Defeat
🇪🇬 Japanese · Egypt
984
+15
🇨🇱 Spanish · Chile
978
+16
🇮🇹 Berbers · Italy
975
-16
🇫🇷 Koreans · France
964
-15
cremolol
7:55 Feudal Age
12:04 Castle Age
10:03 Double-Bit Axe
10:20 Horse Collar
10:51 Fletching
11:35 Scale Mail Armor
14:09 Bow Saw
15:28 Loom
18:52 Town Watch
19:47 Wheelbarrow
19:13 Gold Mining
19:13 Stone Mining
26:14 Imperial Age
24:37 Gold Shaft Mining
24:54 Stone Shaft Mining
24:17 Bodkin Arrow
24:15 Crossbowman
25:15 Forging
27:12 Iron Casting
26:18 Elite Skirmisher
27:31 Arbalester
verbumdei76
3:26 Loom
7:55 Feudal Age
11:39 Double-Bit Axe
14:34 Castle Age
16:02 Husbandry
19:40 Gold Mining
21:43 Town Watch
23:29 Fletching
25:30 Stone Mining
40:38 Padded Archer Armor
Hazem
2:07 Loom
9:21 Feudal Age
11:33 Double-Bit Axe
13:53 Wheelbarrow
15:06 Horse Collar
18:10 Castle Age
16:02 Arson
16:12 Gold Mining
16:32 Scale Mail Armor
16:42 Forging
19:20 Hand Cart
19:22 Bow Saw
20:58 Squires
21:02 Heavy Plow
22:34 Town Watch
25:19 Chain Mail Armor
25:39 Iron Casting
26:11 Pikeman
36:53 Imperial Age
38:41 Blast Furnace
38:11 Plate Mail Armor
39:34 Cavalier
40:14 Husbandry
40:28 Bloodlines
42:46 Conscription
43:35 Padded Archer Armor
43:25 Fletching
43:58 Ballistics
44:39 Chemistry
43:42 Heavy Cavalry Archer
44:47 Parthian Tactics
44:28 Thumb Ring
45:30 Elite Samurai
Joaking
1:01 Loom
7:55 Feudal Age
9:24 Double-Bit Axe
14:16 Castle Age
14:06 Town Watch
15:00 Fletching
15:15 Scale Barding Armor
20:29 Husbandry
20:39 Bloodlines
23:43 Wheelbarrow
23:08 Town Patrol
26:32 Hand Cart
28:36 Chain Barding Armor
29:25 Forging
34:09 Imperial Age
35:00 Cavalier
36:26 Plate Barding Armor
36:27 Iron Casting
38:47 Paladin
43:17 Spies/Treason
45:42 Blast Furnace
45:45 Supremacy
Connection lost

Rejoining the realm…

Still unreachable

The connection could not be restored.

Session expired

The server has moved on; the page needs a fresh start.